 Dungeon Sprint DCSS version 0.29.1-4-g47bece8355 (webtiles) character file.

Game seed: 4180813273430386396

3123 boopmooplesden the Severer (level 9, -16/97 HPs)
             Began as a Minotaur Berserker on Dec 8, 2022.
             Was an Elder of Trog.
             Killed from afar by an oklob plant (32 damage)
             ... with a splash of acid
             ... in the Dungeon (Sprint I: "Red Sonja").
             The game lasted 00:01:53 (1545 turns).

boopmooplesden the Severer (Minotaur Berserker)     Turns: 1545, Time: 00:01:53

Health: -16/97     AC:  0    Str: 27    XL:     9   Next: 60%
Magic:  8/8        EV: 14    Int:  4    God:    Trog [****..]
Gold:   178        SH:  0    Dex:  9    Spells: 8/8 levels left

rFire   . . .      SeeInvis +   a - +0 hand axe
rCold   . . .      Faith    .   (no shield)
rNeg    . . .      Spirit   .   k - +3 leather armour "Fybuepis" {rElec SInv Stlth+}
rPois   .          Reflect  .   (helmet restricted)
rElec   +          Harm     .   (no cloak)
rCorr   .          Rampage  .   (no gloves)
Will    .....      NoTele   +   (no boots)
Stlth   ++........              (no amulet)
HPRegen 0.26/turn               (no ring)
MPRegen 0.11/turn               (no ring)

@: corroded, on berserk cooldown
A: horns 2, retaliatory headbutt
a: Renounce Religion, Berserk, Trog's Hand, Brothers in Arms


You were in the Dungeon.
You worshipped Trog.
Trog was greatly pleased with you.
You visited 1 branch You collected 672 gold pieces.
You spent 494 gold pieces at shops.

Inventory:

Hand Weapons
 a - a +0 hand axe (weapon)
Missiles
 l - 5 boomerangs (quivered)
Armour
 b - a +0 animal skin
 j - a +0 ring mail
 k - the +3 leather armour "Fybuepis" (worn) {rElec SInv Stlth+}
   (You bought it in a shop in the Dungeon)

   rElec:     It insulates you from electricity.
   SInv:      It lets you see invisible.
   Stlth:     It makes you more stealthy.
Wands
 i - a wand of flame (7)
Scrolls
 h - a scroll of blinking
Potions
 c - 2 potions of curing
 d - a potion of heal wounds
 e - 2 potions of haste
 f - 2 potions of magic
 g - a potion of berserk rage


   Skills:
 + Level 15.4 Fighting
 + Level 16.1 Axes
 + Level 12.1 Armour
 + Level 9.1 Dodging
 + Level 0.7 Stealth


You had 8 spell levels left.
You didn't know any spells.
Your spell library was empty.

Dungeon Overview and Level Annotations

Branches:
Dungeon (1/1)

Altars:
Cheibriados
Dithmenos
Elyvilon
Fedhas
Gozag
Hepliaklqana
Kikubaaqudgha
Makhleb
Nemelex Xobeh
Okawaru
Qazlal
Ru
Sif Muna
Trog
Uskayaw
Vehumet
Wu Jian
Xom
Yredelemnul
Zin
The Shining One
Jiyva
Lugonu

Shops:
D :[

Annotations:
D exclusion: oklob plant


Innate Abilities, Weirdness & Mutations

You have a pair of horns on your head.
You reflexively headbutt those who attack you in melee.


Message History

You feel yourself speed up.
There is an open door here.
You open the door.
An oklob plant comes into view.
Marking area around an oklob plant as unsafe for travelling.
You're still recovering from your berserk rage.
There is an open door here.
You hit the oklob plant.
The oklob plant is lightly damaged.
The oklob plant spits acid at you. The splash of acid hits you!!
The acid corrodes you!
You hit the oklob plant.
The oklob plant is lightly damaged.
You hit the oklob plant.
You headbutt the oklob plant, but do no damage.
The oklob plant is moderately damaged.
The oklob plant spits acid at you. The splash of acid hits you!!
You hit the oklob plant but do no damage.
You headbutt the oklob plant!
The oklob plant is moderately damaged.
You hit the oklob plant but do no damage.
You headbutt the oklob plant.
You punch the oklob plant, but do no damage.
The oklob plant is heavily damaged.
You hit the oklob plant but do no damage.
You headbutt the oklob plant.
The oklob plant is heavily damaged.
The oklob plant spits acid at you. The splash of acid hits you!!
* * * LOW HITPOINT WARNING * * *
The acid corrodes you!
You're still recovering from your berserk rage.
You hit the oklob plant but do no damage.
The oklob plant is heavily damaged.
You hit the oklob plant but do no damage.
The oklob plant is heavily damaged.
The oklob plant spits acid at you. The splash of acid hits you!!
You die...

###################
).#..'..#__#..'...#
..').#..'..'..#)).#
#'#####'#__####...+
..#...#)####§§#####
###..##)#~~§§.#..#
__##'#_.'§~§§.'..#
...'..._#§~§§§#..#
__##_.#§##'#####@#
__###+#.#).§§###P+
### ####§###.###
+.....'.∩#
##########


You could see an oklob plant.

Vanquished Creatures
  2 centaur warriors (D)
  A deep troll (D)
  2 kobold demonologists (D)
  A hornet (D)
  A slime creature (D)
  Sigmund (D)
  A yak (D)
  A floating eye (D)
  An ogre (D)
  A jelly (D)
  Ijyb (D)
13 creatures vanquished.

Notes
Turn   | Place    | Note
-------+----------+-------------------------------------------
     0 | D        | boopmooplesden the Minotaur Berserker began the quest for
                  | the Orb.
     0 | D        | Reached XP level 1. HP: 19/19 MP: 0/0
     1 | D        | Noticed Ijyb
    10 | D        | Killed Ijyb
    11 | D        | Reached skill level 5 in Fighting
    11 | D        | Reached skill level 5 in Axes
    11 | D        | Reached XP level 2. HP: 8/29 MP: 1/1
   362 | D        | Noticed an ogre
   367 | D        | Killed an ogre
   368 | D        | Reached skill level 7 in Axes
   368 | D        | Reached XP level 3. HP: 39/39 MP: 2/2
   368 | D        | Reached XP level 4. HP: 47/47 MP: 3/3
   521 | D        | Noticed Sigmund
   531 | D        | Killed Sigmund
   531 | D        | Reached ** piety under Trog
   532 | D        | Reached skill level 9 in Axes
   532 | D        | Reached skill level 5 in Dodging
   532 | D        | Reached XP level 5. HP: 58/58 MP: 4/4
   532 | D        | Reached XP level 6. HP: 66/66 MP: 5/5
   601 | D        | Found a burning altar of Makhleb.
   601 | D        | Found a viscous altar of Jiyva.
   601 | D        | Found a shimmering altar of Xom.
   601 | D        | Found a corrupted altar of Lugonu.
   601 | D        | Noticed a slime creature
   610 | D        | Killed a slime creature
   611 | D        | Reached skill level 10 in Fighting
   611 | D        | Reached skill level 11 in Axes
   705 | D        | Found an ornate altar of the Wu Jian Council.
   705 | D        | Found a shimmering blue altar of Sif Muna.
   707 | D        | Found a radiant altar of Vehumet.
   889 | D        | Found Sakux's Book Emporium.
   889 | D        | Found an ancient bone altar of Kikubaaqudgha.
   889 | D        | Found a hazy altar of Hepliaklqana.
   889 | D        | Found a hide-covered altar of Uskayaw.
   889 | D        | Found a basalt altar of Yredelemnul.
   889 | D        | Found an opulent altar of Gozag.
   889 | D        | Found a snail-covered altar of Cheibriados.
   889 | D        | Found a sacrificial altar of Ru.
   889 | D        | Found a shadowy altar of Dithmenos.
   889 | D        | Noticed a yak
   894 | D        | Killed a yak
   895 | D        | Reached XP level 7. HP: 74/74 MP: 6/6
   895 | D        | Found a stormy altar of Qazlal.
   895 | D        | Found a blossoming altar of Fedhas.
   895 | D        | Found a bloodstained altar of Trog.
   895 | D        | Found an iron altar of Okawaru.
   895 | D        | Found a glowing golden altar of the Shining One.
   895 | D        | Found a glowing silver altar of Zin.
   895 | D        | Found a white marble altar of Elyvilon.
   896 | D        | Found a sparkling altar of Nemelex Xobeh.
   953 | D        | Noticed a kobold demonologist
   955 | D        | Noticed a kobold demonologist
   956 | D        | Reached *** piety under Trog
   957 | D        | Reached skill level 12 in Axes
   958 | D        | Noticed a soul eater
   959 | D        | Noticed a sun demon
   959 | D        | Noticed a chaos spawn
   961 | D        | Killed a kobold demonologist
   962 | D        | Reached XP level 8. HP: 85/85 MP: 7/7
   963 | D        | Noticed a sun demon
   964 | D        | Killed a kobold demonologist
   965 | D        | Reached skill level 13 in Axes
   965 | D        | Reached skill level 10 in Armour
  1012 | D        | Noticed a centaur warrior
  1012 | D        | Noticed a centaur warrior
  1027 | D        | Killed a centaur warrior
  1027 | D        | Reached **** piety under Trog
  1028 | D        | Reached skill level 14 in Axes
  1038 | D        | HP: 5/133 [centaur warrior (12)]
  1039 | D        | Killed a centaur warrior
  1040 | D        | Reached skill level 15 in Axes
  1040 | D        | Reached XP level 9. HP: 6/96 MP: 8/8
  1379 | D        | Reached skill level 15 in Fighting
  1487 | D        | Noticed a deep troll
  1495 | D        | Killed a deep troll
  1496 | D        | Reached skill level 16 in Axes
  1507 | D        | Found Disyrut's Armour Emporium.
  1512 | D        | Bought the +3 leather armour "Fybuepis" {rElec SInv Stlth+}
                  | for 494 gold pieces
  1536 | D        | Noticed an oklob plant
  1545 | D        | Killed from afar by an oklob plant

Illustrated notes

Levels and vault maps discovered:
D:        dungeon_sprint_1 [red_sonja_temple_1, red_sonja_temple_small_1]

Skill      XL: |  1  2  3  4  5  6  7  8  9 |
---------------+----------------------------+-----
Fighting       | 5 7 9 11 12 14 15 | 15.4
Axes           | 5 7 9 11 12 15 16 | 16.1
Armour         | 3 4 6 8 9 11 12 | 12.1
Dodging        | 3 4 5 6 7 8 9 |  9.1
Stealth        | |  0.7

Action                   |  1- 3 |  4- 6 |  7- 9 || total
-------------------------+-------+-------+-------++-------
Melee: Hand axe          |    11 |    24 |    43 ||    78
       Headbutt          |     1 |     2 |    12 ||    15
       Punch             |       |       |     1 ||     1
Invok: Berserk           |     2 |     3 |     4 ||     9
Armor: Ring mail         |       |     3 |     5 ||     8
Dodge: Dodged            |     1 |     5 |    19 ||    25
